AoeStats
← ax

Arena

507454896Analyzed
4v4 RM · 15d ago on Sep 18, 2026· 33m 55s· 8 players
Game mode
Random Map
Map size
Large (8 player)
Population
200
Speed
Normal
Resources
Standard
Victory
Conquest
Starting age
Dark Age
Ending age
Imperial Age
RankedLock teamsTeams togetherTeam positionsShared explorationLock speedFull tech treeHidden civsTurbo modeCheats
Victory
Defeat
🇨🇳 Turks · China
982
+12
🇨🇳 Spanish · China
982
+12
🇩🇪 Britons · Germany
981
+12
🇦🇺 Huns · Australia
890
+17
🇨🇳 Franks · China
929
-14
🇨🇳 Turks · China
897
-13
🇨🇳 Tatars · China
884
-13
🇨🇳 Vietnamese · China
883
-13
chentao_1209
2:31 Loom
12:22 Feudal Age
16:57 Castle Age
16:02 Horse Collar
16:09 Double-Bit Axe
16:22 Stone Mining
18:45 Wheelbarrow
20:10 Heavy Plow
22:21 Fortified Wall
24:05 Fletching
30:37 Gold Mining
少打游戏多学习
8:06 Loom
10:25 Feudal Age
14:55 Castle Age
13:45 Double-Bit Axe
16:00 Bow Saw
18:28 Forging
20:04 Wheelbarrow
21:56 Scale Barding Armor
23:28 Husbandry
29:28 Imperial Age
28:01 Hand Cart
27:53 Town Watch
29:15 Iron Casting
29:38 Cavalier
30:35 Gold Mining
30:38 Stone Mining
31:33 Elite Throwing Axeman
32:54 #83
33:54 Conscription
JOE
0:29 Loom
13:28 Feudal Age
18:40 Castle Age
17:08 Double-Bit Axe
17:07 Horse Collar
17:25 Stone Mining
17:30 Gold Mining
19:21 Wheelbarrow
20:18 Bow Saw
20:36 Heavy Plow
27:23 Treadmill Crane
28:48 Hand Cart
35:02 Imperial Age
kddk
9:51 Feudal Age
10:24 Double-Bit Axe
15:26 Castle Age
13:09 Horse Collar
17:31 Bow Saw
20:07 Wheelbarrow
23:11 Stone Mining
24:12 Heavy Plow
24:25 Gold Mining
26:42 Gold Shaft Mining
26:17 Fletching
26:29 Padded Archer Armor
26:57 Hand Cart
26:28 Loom
31:48 Imperial Age
29:52 Bodkin Arrow
30:21 Leather Archer Armor
30:53 Bloodlines
30:44 Husbandry
Wowa94
11:51 Feudal Age
10:08 Loom
16:00 Castle Age
13:48 Horse Collar
17:02 Double-Bit Axe
18:12 Fervor
18:43 Bow Saw
20:03 Heavy Plow
20:40 Wheelbarrow
19:51 Town Watch
20:19 Stone Mining
20:32 Gold Mining
22:20 Gold Shaft Mining
22:38 Fletching
22:49 Padded Archer Armor
23:17 Forging
24:31 Bodkin Arrow
25:21 Ballistics
26:26 Leather Archer Armor
26:43 Hand Cart
27:30 Iron Casting
32:42 Imperial Age
30:40 Squires
30:25 Arson
31:55 Yeomen
32:44 Elite Longbowman
33:51 Conscription
33:41 Bracer
34:49 Chemistry
daehtihs.
9:53 Feudal Age
10:19 Double-Bit Axe
11:13 Wheelbarrow
16:36 Castle Age
15:40 Horse Collar
18:10 Bow Saw
22:02 Hand Cart
22:26 Heavy Plow
22:54 Stone Mining
24:02 Gold Mining
27:32 Scale Barding Armor
27:37 Forging
28:24 Gold Shaft Mining
30:55 Imperial Age
28:51 Caravan
29:38 Chain Barding Armor
30:05 Iron Casting
30:06 Marauders
32:26 Conscription
32:26 Bloodlines
32:17 Husbandry
33:44 Plate Barding Armor
joker
12:37 Feudal Age
13:23 Double-Bit Axe
13:47 Horse Collar
16:14 Castle Age
14:24 Gold Mining
20:45 Imperial Age
25:21 Bow Saw
33:13 Padded Archer Armor
ax
10:51 Feudal Age
12:12 Loom
15:23 Castle Age
14:47 Double-Bit Axe
15:02 Stone Mining
15:29 Horse Collar
19:52 Gold Mining
21:05 Heavy Plow
22:44 Bow Saw
29:59 Stone Shaft Mining
Connection lost

Rejoining the realm…

Still unreachable

The connection could not be restored.

Session expired

The server has moved on; the page needs a fresh start.